PIO (24 & UNDER)
COLORADO COMMANDERS @ SALEM SLEDGEHAMMERS
09/26/2029
 
TOP OF THE 1ST
Colorado Commanders batting - Pitching for Salem Sledgehammers : RHP Claude Cunningham
Pitching: RHP Claude Cunningham
Batting: RHB Joe Sulley 0-0: Called Strike
0-1: Called Strike
0-2: Foul Ball, location: 2F
0-2: Foul Ball, location: 2F
0-2: Ball
1-2: Strikes out looking
Batting: LHB Francisco Ríos 0-0: Ball
1-0: Foul Ball, location: 2F
1-1: Swinging Strike
1-2: Strikes out swinging
Batting: RHB Lawrence Ware 0-0: Ball
1-0: Ball
2-0: Swinging Strike
2-1: Foul Ball, location: 2F
2-2: Strikes out looking
Top of the 1st over - 0 runs, 0 hits, 0 errors, 0 left on base; Colorado 0 - Salem 0
BOTTOM OF THE 1ST
Salem Sledgehammers batting - Pitching for Colorado Commanders : RHP Mike Schmidt
Pitching: RHP Mike Schmidt
Batting: RHB Randall Luna 0-0: Ground out 6-3 (Groundball, 6)
Batting: RHB Rich Crabtree 0-0: Called Strike
0-1: Ball
1-1: Swinging Strike
1-2: Foul Ball, location: 2F
1-2: Ground out 6-3 (Groundball, 6)
Batting: LHB José Rivas 0-0: Swinging Strike
0-1: Ball
1-1: Called Strike
1-2: Strikes out swinging
Bottom of the 1st over - 0 runs, 0 hits, 0 errors, 0 left on base; Colorado 0 - Salem 0
TOP OF THE 2ND
Colorado Commanders batting - Pitching for Salem Sledgehammers : RHP Claude Cunningham
Batting: RHB William Dyer 0-0: Ball
1-0: Ground out 3-1 (Groundball, 34S)
Batting: LHB Roberto Herrera 0-0: Called Strike
0-1: Foul Ball, location: 2F
0-2: Fly out, F8 (Flyball, 8LM)
Batting: RHB Félix Campos 0-0: Ball
1-0: Ground out 4-3 (Groundball, 4)
Top of the 2nd over - 0 runs, 0 hits, 0 errors, 0 left on base; Colorado 0 - Salem 0
BOTTOM OF THE 2ND
Salem Sledgehammers batting - Pitching for Colorado Commanders : RHP Mike Schmidt
Batting: LHB Gary Cahill 0-0: Ball
1-0: Ball
2-0: Ball
3-0: Called Strike
3-1: Base on Balls
Batting: LHB Juan Ortíz 0-0: Called Strike
0-1: Ball
1-1: Ball
2-1: Swinging Strike
2-2: Ground out 3-1 (Groundball, 34S)
Gary Cahill to second
Batting: LHB Adrian Neal 0-0: Fly out, F3 (Line Drive, 34)
Batting: RHB Miguel Rodríguez 0-0: Ball
1-0: SINGLE (Line Drive, 6D)
Gary Cahill to third
Runner from 3rd tries for Home, SAFE, no throw
Batting: RHB José González 0-0: Called Strike
0-1: Ball
1-1: Ball
2-1: Foul Ball, location: 2F
2-2: Ball
Miguel Rodríguez steals 2nd base
3-2: Ground out 6-3 (Groundball, 56)
Bottom of the 2nd over - 1 run, 1 hit, 0 errors, 1 left on base; Colorado 0 - Salem 1
TOP OF THE 3RD
Colorado Commanders batting - Pitching for Salem Sledgehammers : RHP Claude Cunningham
Batting: RHB Roberto Rodríguez 0-0: Ball
1-0: Ground out 6-3 (Groundball, 56)
Batting: RHB Nick Crosby 0-0: Called Strike
0-1: Ball
1-1: SINGLE (Flyball, 7LS)
Batting: RHB Carlos Jiménez 0-0: DOUBLE (Line Drive, 9LM)
Nick Crosby to third
Runner from 3rd tries for Home, SAFE, throw made at trailing runner, OUT at third!
Batting: RHB Joe Sulley 0-0: Ball
1-0: Foul Ball, location: 2F
1-1: Ball
2-1: Ball
3-1: Called Strike
3-2: Ground out 4-3 (Groundball, 4S)
Top of the 3rd over - 1 run, 2 hits, 0 errors, 0 left on base; Colorado 1 - Salem 1
BOTTOM OF THE 3RD
Salem Sledgehammers batting - Pitching for Colorado Commanders : RHP Mike Schmidt
Batting: RHB Pedro García 0-0: Swinging Strike
0-1: Ground out 6-3 (Groundball, 6)
Batting: RHB Randall Luna 0-0: Ball
1-0: Called Strike
1-1: Ball
2-1: Foul Ball, location: 2F
2-2: Foul Ball, location: 2F
2-2: Foul Ball, location: 2F
2-2: Ball
3-2: Base on Balls
Batting: RHB Rich Crabtree 0-0: Ball
1-0: SINGLE (Groundball, 23) (infield hit)
Randall Luna to second
Batting: LHB José Rivas 0-0: Called Strike
0-1: Ball
1-1: Swinging Strike
1-2: Fly out, F8 (Flyball, 8LD)
Batting: LHB Gary Cahill 0-0: Foul Ball, location: 2F
0-1: Foul Ball, location: 2F
0-2: Strikes out swinging
Bottom of the 3rd over - 0 runs, 1 hit, 0 errors, 2 left on base; Colorado 1 - Salem 1
TOP OF THE 4TH
Colorado Commanders batting - Pitching for Salem Sledgehammers : RHP Claude Cunningham
Batting: LHB Francisco Ríos 0-0: Ball
1-0: Called Strike
1-1: Ball
2-1: Ball
3-1: Base on Balls
Batting: RHB Lawrence Ware 0-0: Ball
1-0: Ball
2-0: Ball
3-0: Called Strike
3-1: Base on Balls
Francisco Ríos to second
Batting: RHB William Dyer 0-0: Swinging Strike
0-1: Ball
1-1: Called Strike
1-2: Foul Ball, location: 2F
1-2: Ball
2-2: Ball
3-2: Base on Balls
Francisco Ríos to third
Lawrence Ware to second
Batting: LHB Roberto Herrera 0-0: Called Strike
0-1: Foul Ball, location: 2F
0-2: Ball
1-2: Ball
2-2: Ball
3-2: DOUBLE (Line Drive, 89D)
Francisco Ríos scores
Lawrence Ware scores
William Dyer to third
Batting: RHB Félix Campos 0-0: Ball
1-0: Called Strike
1-1: Fly out, F7 (Flyball, 78S)
Runner from 3rd tags up, SCORES, no throw
Batting: RHB Roberto Rodríguez 0-0: Called Strike
0-1: Ball
1-1: Foul Ball, location: 2F
1-2: Strikes out swinging
Batting: RHB Nick Crosby 0-0: Ball
1-0: Foul Ball, location: 2F
1-1: Swinging Strike
1-2: Strikes out looking
Top of the 4th over - 3 runs, 1 hit, 0 errors, 1 left on base; Colorado 4 - Salem 1
BOTTOM OF THE 4TH
Salem Sledgehammers batting - Pitching for Colorado Commanders : RHP Mike Schmidt
Batting: LHB Juan Ortíz 0-0: Ball
1-0: Ground out 5-3 (Groundball, 56S)
Batting: LHB Adrian Neal 0-0: Ball
1-0: Foul Ball, location: 2F
1-1: Fly out, F8 (Flyball, 8LS)
Batting: RHB Miguel Rodríguez 0-0: Swinging Strike
0-1: Called Strike
0-2: Foul Ball, location: 2F
0-2: Strikes out swinging
Bottom of the 4th over - 0 runs, 0 hits, 0 errors, 0 left on base; Colorado 4 - Salem 1
TOP OF THE 5TH
Colorado Commanders batting - Pitching for Salem Sledgehammers : RHP Claude Cunningham
Batting: RHB Carlos Jiménez 0-0: Ball
1-0: Ground out 6-3 (Groundball, 6D)
Batting: RHB Joe Sulley 0-0: Called Strike
0-1: Ball
1-1: Ball
2-1: Ground out 6-3 (Groundball, 6)
Batting: LHB Francisco Ríos 0-0: Called Strike
0-1: Ball
1-1: Ball
2-1: Ball
3-1: Base on Balls
Batting: RHB Lawrence Ware 0-0: Called Strike
0-1: Ball
1-1: Ground out 5-3 (Groundball, 5S)
Top of the 5th over - 0 runs, 0 hits, 0 errors, 1 left on base; Colorado 4 - Salem 1
BOTTOM OF THE 5TH
Salem Sledgehammers batting - Pitching for Colorado Commanders : RHP Mike Schmidt
Batting: RHB José González 0-0: Ball
1-0: Ground out 6-3 (Groundball, 6)
Batting: RHB Pedro García 0-0: Ball
1-0: Ball
2-0: Foul Ball, location: 2F
2-1: Ball
3-1: Ground out 5-3 (Groundball, 56)
Batting: RHB Randall Luna 0-0: Ground out 1-3 (Groundball, 15S)
Bottom of the 5th over - 0 runs, 0 hits, 0 errors, 0 left on base; Colorado 4 - Salem 1
TOP OF THE 6TH
Colorado Commanders batting - Pitching for Salem Sledgehammers : RHP Claude Cunningham
Pitching: RHP Clay White
Batting: RHB William Dyer 0-0: Ball
1-0: Swinging Strike
1-1: Reached on error, E8 (Flyball, 8RD)
Batting: LHB Roberto Herrera 0-0: Intentional Walk
Batting: RHB Félix Campos 0-0: Ball
1-0: Fielders Choice at 2nd, 6-4 (Groundball, 6)
William Dyer to third
Batting: RHB Roberto Rodríguez 0-0: Foul Ball, location: 2F
0-1: Swinging Strike
0-2: Ball
1-2: Ball
Félix Campos steals 2nd base
2-2: SINGLE (Flyball, 8RS)
William Dyer scores
Félix Campos to third
Runner from 3rd tries for Home, SAFE, no throw
Batting: RHB Nick Crosby 0-0: Fly out, F8 (Flyball, 8LM)
Batting: RHB Carlos Jiménez 0-0: Called Strike
0-1: Foul Ball, location: 2F
0-2: Ball
1-2: Ball
2-2: Strikes out swinging
Top of the 6th over - 2 runs, 1 hit, 1 error, 1 left on base; Colorado 6 - Salem 1
BOTTOM OF THE 6TH
Salem Sledgehammers batting - Pitching for Colorado Commanders : RHP Mike Schmidt
Batting: RHB Rich Crabtree 0-0: Ball
1-0: Called Strike
1-1: Ball
2-1: Ball
3-1: Called Strike
3-2: Base on Balls
Batting: LHB José Rivas 0-0: Ball
1-0: Fly out, F8 (Flyball, 8LM)
Batting: LHB Gary Cahill 0-0: Called Strike
0-1: Ball
1-1: Ball
Rich Crabtree is caught stealing 2nd base
2-1: Foul Ball, location: 2F
2-2: Strikes out looking
Bottom of the 6th over - 0 runs, 0 hits, 0 errors, 0 left on base; Colorado 6 - Salem 1
TOP OF THE 7TH
Colorado Commanders batting - Pitching for Salem Sledgehammers : RHP Clay White
Batting: RHB Joe Sulley 0-0: Foul Ball, location: 2F
0-1: Called Strike
0-2: Ball
1-2: Strikes out swinging
Batting: LHB Francisco Ríos 0-0: Ball
1-0: DOUBLE (Groundball, 5L)
Batting: RHB Lawrence Ware 0-0: Intentional Walk
Batting: RHB William Dyer 0-0: Fly out, F7 (Flyball, 7S)
Batting: LHB Roberto Herrera 0-0: Ground out 4-3 (Groundball, 4)
Top of the 7th over - 0 runs, 1 hit, 0 errors, 2 left on base; Colorado 6 - Salem 1
BOTTOM OF THE 7TH
Salem Sledgehammers batting - Pitching for Colorado Commanders : RHP Mike Schmidt
Batting: LHB Juan Ortíz 0-0: Ball
1-0: Foul Ball, location: 2F
1-1: DOUBLE (Line Drive, 5D)
Batting: LHB Adrian Neal 0-0: Ball
1-0: Called Strike
1-1: Foul Ball, location: 2F
1-2: SINGLE (Line Drive, 3D)
Juan Ortíz to third
Runner from 3rd tries for Home, SAFE, no throw
Batting: RHB Miguel Rodríguez 0-0: Fly out, F7 (Flyball, 78M)
Batting: RHB José González 0-0: Ball
1-0: Swinging Strike
1-1: Foul Ball, location: 2F
1-2: Strikes out swinging
Batting: RHB Pedro García 0-0: Ball
1-0: Ball
2-0: Ball
3-0: Base on Balls
Adrian Neal to second
Batting: RHB Randall Luna 0-0: Fielders Choice at 2nd, 6-4 (Groundball, 6)
Bottom of the 7th over - 1 run, 2 hits, 0 errors, 2 left on base; Colorado 6 - Salem 2
TOP OF THE 8TH
Colorado Commanders batting - Pitching for Salem Sledgehammers : RHP Clay White
Pitching: RHP Tony Zamora
Batting: RHB Félix Campos 0-0: Ball
1-0: Ball
2-0: Ground out 3-1 (Groundball, 34S)
Batting: RHB Roberto Rodríguez 0-0: Called Strike
0-1: Ball
1-1: Called Strike
1-2: Foul Ball, location: 2F
1-2: Strikes out swinging
Batting: RHB Nick Crosby 0-0: Called Strike
0-1: Ball
1-1: Ball
2-1: Foul Ball, location: 2F
2-2: Ball
3-2: Base on Balls
Batting: RHB Carlos Jiménez 0-0: Called Strike
0-1: Swinging Strike
0-2: Ball
1-2: Strikes out swinging
Top of the 8th over - 0 runs, 0 hits, 0 errors, 1 left on base; Colorado 6 - Salem 2
BOTTOM OF THE 8TH
Salem Sledgehammers batting - Pitching for Colorado Commanders : RHP Mike Schmidt
Pitching: RHP Domingo Cruz
Batting: RHB Rich Crabtree 0-0: Swinging Strike
0-1: Ball
1-1: Ball
2-1: Swinging Strike
2-2: Ball
3-2: Strikes out swinging, 2-3 out at first.
Batting: LHB José Rivas 0-0: Ball
1-0: Called Strike
1-1: Foul Ball, location: 2F
1-2: Strikes out swinging
Batting: LHB Gary Cahill 0-0: Called Strike
0-1: Foul Ball, location: 2F
0-2: Ball
1-2: Ground out 4-3 (Groundball, 4)
Bottom of the 8th over - 0 runs, 0 hits, 0 errors, 0 left on base; Colorado 6 - Salem 2
TOP OF THE 9TH
Colorado Commanders batting - Pitching for Salem Sledgehammers : RHP Tony Zamora
Pitching: RHP Carlos Rodríguez
Batting: RHB Joe Sulley 0-0: Called Strike
0-1: Foul Ball, location: 2F
0-2: Strikes out swinging
Batting: LHB Francisco Ríos 0-0: Called Strike
0-1: Fly out, F9 (Flyball, 9D)
Batting: RHB Lawrence Ware 0-0: SINGLE (Line Drive, 9LS)
Batting: RHB William Dyer 0-0: Ball
1-0: Ball
2-0: SINGLE (Groundball, 56D)
Lawrence Ware to second
Batting: LHB Roberto Herrera 0-0: Ball
1-0: Ground out 3-1 (Groundball, 23)
Top of the 9th over - 0 runs, 2 hits, 0 errors, 2 left on base; Colorado 6 - Salem 2
BOTTOM OF THE 9TH
Salem Sledgehammers batting - Pitching for Colorado Commanders : RHP Domingo Cruz
Pitching: RHP George Gore
Batting: LHB Juan Ortíz 0-0: Ball
1-0: Swinging Strike
1-1: Swinging Strike
1-2: Foul Ball, location: 2F
1-2: Ball
2-2: Strikes out looking
Batting: LHB Adrian Neal 0-0: Swinging Strike
0-1: Foul Ball, location: 2F
0-2: Strikes out looking
Batting: RHB Miguel Rodríguez 0-0: Called Strike
0-1: Ground out 4-3 (Groundball, 4S)
Bottom of the 9th over - 0 runs, 0 hits, 0 errors, 0 left on base; Colorado 6 - Salem 2
Saturday, December 16th, 2017 - OOTP Baseball 18.8 Build 76